 Dungeon Crawl Stone Soup version 0.25-a0-263-g9d16a9d099 (webtiles) character file.

Game seed: 9029447757236360426, levelgen mode: deterministic

7644 Redear the Blocker (level 11, -2/78 HPs)
             Began as an Octopode Fighter on Dec 7, 2019.
             Was a Plaything of Xom.
             Slain by a troll (14 damage)
             ... on level 11 of the Dungeon.
             The game lasted 00:26:31 (12388 turns).

Redear the Blocker (Octopode Fighter)              Turns: 12388, Time: 00:26:32

Health: -2/78      AC:  1    Str: 17 (19) XL:     11   Next: 18%
Magic:  20/20      EV: 18    Int: 11 (12) God:    Xom [...*..]
Gold:   315        SH:  8    Dex: 14      Spells: 10/10 levels left

rFire    . . .     SeeInvis .   e - +2 short sword (drain)
rCold    . . .     Gourm    .   m - +2 buckler
rNeg     . . .     Faith    .   (helmet restricted)
rPois    +         Spirit   .   k - amulet of rage {+Rage}
rElec    .         Reflect  .   q - ring of magical power {MP+9}
rCorr    .         Harm     .   t - +4 ring of strength
MR       .....                  u - ring of flight {+Fly}
Stlth    ++++......             o - ring of poison resistance {rPois}
HPRegen  0.23/turn              (no ring)
MPRegen  0.17/turn              (no ring)
                                (no ring)
                                (no ring)

@: liquefying, slowed movement, very slow
A: almost no armour, stealthy swim, amphibious, 8 rings, constrict 8, camouflage
1, gelatinous body 1
a: Renounce Religion, Evoke Berserk Rage, Evoke Flight


You were on level 11 of the Dungeon.
You worshipped Xom.
You were a favourite toy of Xom.
You were not hungry.

You visited 3 branches of the dungeon, and saw 13 of its levels.

You collected 497 gold pieces.
You spent 182 gold pieces at shops.

Inventory:

Hand Weapons
 a - a +0 long sword
 e - a +2 short sword of draining (weapon)
 j - a +0 dagger of venom
Missiles
 s - 5 curare-tipped darts (quivered)
Armour
 b - a +0 shield
 m - a +2 buckler (worn)
Jewellery
 k - an amulet of rage (around mantle) {+Rage}
 o - a ring of poison resistance (on tentacle) {rPois}
 q - a ring of magical power (left tentacle) {MP+9}
 t - a +4 ring of strength (right tentacle)
 u - a ring of flight (on tentacle) {+Fly}
Wands
 A - a wand of acid (11)
 P - a wand of paralysis (8)
Scrolls
 d - 2 scrolls of amnesia
 f - 2 scrolls of fog
 i - a scroll of enchant weapon
 l - 3 scrolls of noise
 n - a scroll of immolation
 p - a scroll of silence {unknown}
 r - a scroll of fear {unknown}
 y - a scroll of enchant armour
 B - 2 scrolls of blinking
 D - a scroll of holy word {unknown}
 G - a scroll of random uselessness
 M - a scroll of magic mapping
 N - 6 scrolls of remove curse {@r2}
 T - a scroll of teleportation {@r3}
Potions
 c - a potion of might {Str+5 DMG+1d10 | @q3}
 g - a potion of invisibility
 h - 2 potions of degeneration {!q}
 w - a potion of agility {Stlth+ Dex+5 EV+5 | @q4}
 x - a potion of resistance {unknown}
 C - a potion of lignification
 E - a potion of flight {unknown}
 H - 2 potions of haste
Comestibles
 v - 4 chunks of flesh
 z - 9 rations


   Skills:
 + Level 8.8 Fighting
 + Level 8.5 Long Blades
 + Level 8.8 Dodging
 - Level 6.0 Stealth
 + Level 8.9 Shields


You had 10 spell levels left.
You didn't know any spells.
Your spell library contained the following spells:

 Spells                   Type           Power        Failure   Level  Hunger
 Irradiate                Conj/Tmut      #.........   100%        5    ######.
 Hydra Form               Tmut           #.........   100%        6    #######
 Statue Form              Tmut/Erth      #........    100%        6    #######
 Dragon Form              Tmut           #.........   100%        7    #######


Dungeon Overview and Level Annotations

Branches:
Dungeon (11/15)            Temple (1/1) D:6            Lair (0/6) D:8
    Orc (1/2) D:10

Altars:
Ashenzari
Cheibriados
Dithmenos
Elyvilon
Fedhas
Gozag
Kikubaaqudgha
Makhleb
Nemelex Xobeh
Okawaru
Qazlal
Ru
Sif Muna
Trog
Uskayaw
Vehumet
Wu Jian
Xom
Yredelemnul
Zin
The Shining One

Shops:
D:5 !

Annotations:
D:5 exclusion: oklob plant, Pikel


Innate Abilities, Weirdness & Mutations

You cannot wear most types of armour.
You are very stealthy in the water. (Stealth+)
You are amphibious.
You can wear up to eight rings at the same time.
You can use your tentacles to constrict eight enemies at once.
Your skin changes colour to match your surroundings (Stealth+).
Your rubbery body absorbs attacks. (AC +1, EV +1)


Message History

The floor, spattered with blood.
This square is liquefied.
Unknown command.
Unknown command.
Unknown command.
Unknown command.
Unknown command.
Press: ? - help, v - describe, . - travel
Here: a troll (moderately wounded, covering ground slowly)
The floor.
Press: ? - help, v - describe, . - travel
Here: a troll (moderately wounded, covering ground slowly)
The floor.
Unknown command.
Okay, then.
Unknown command.
Unknown command.
The troll bites you!
You die...
Xom chuckles heartily!

#......#
#......#
#......#
#...##.#
#...##.#
#...##.#
#...##.#
#......#######
#.@...........
#T###.....### #
#.###.....####.#
#.............%#
#..............#
#..............#
#+######'######
#.....# #.....'


You could see a troll.

Vanquished Creatures
  Erolcha (D:9)
  Sonja (Orc:1)
  An elephant (D:7)
  3 trolls
  A spriggan (D:7)
  A yak (D:8)
  2 basilisks (D:8)
  Eustachio (D:6)
  3 hungry ghosts
  2 sky beasts
  An ice beast (D:9)
  4 phantoms
  A black bear (D:7)
  4 ogres
  4 centaurs
  7 bullfrogs
  2 gnoll sergeants
  A wyvern skeleton (D:8)
  A water moccasin skeleton (D:3)
  A scorpion (D:10)
  6 howler monkeys (D:7)
  3 crimson imps
  A centaur skeleton (D:4)
  3 hounds
  A jelly (D:11)
  9 orc priests
  3 bullfrog skeletons
  2 iguanas
  13 orc wizards
  9 worker ants
  A hound skeleton (D:9)
  A mummy (D:8)
  8 adders
  13 gnolls
  5 shadow imps
  An adder zombie (D:5)
  A worm (D:2)
  A dart slug (D:3)
  3 leopard geckos
  34 orcs
  3 ball pythons (D:1)
  9 bats
  2 giant cockroaches
  7 goblins
  12 hobgoblins
  17 jackals
  5 quokkas
  4 frilled lizards
  A giant cockroach zombie (D:5)
  A hobgoblin zombie (D:8)
  6 kobolds
  2 kobold zombies (D:8)
  A leopard gecko zombie (D:7)
  An orc zombie (D:8)
  12 rats
243 creatures vanquished.

Vanquished Creatures (collateral kills)
  An ugly thing (D:9)
1 creature vanquished.

Vanquished Creatures (others)
  A human (D:9)
  14 toadstools (D:5)
15 creatures vanquished.

Grand Total: 259 creatures vanquished

Notes
Turn   | Place    | Note
-------+----------+-------------------------------------------
     0 | D:1      | Redear the Octopode Fighter began the quest for the Orb.
     0 | D:1      | Reached XP level 1. HP: 16/16 MP: 1/1
   132 | D:1      | Reached skill level 1 in Stealth
   132 | D:1      | Reached XP level 2. HP: 11/21 MP: 2/2
   178 | D:1      | Reached XP level 3. HP: 6/26 MP: 3/3
  1148 | D:2      | Reached skill level 2 in Stealth
  1148 | D:2      | Reached XP level 4. HP: 25/31 MP: 4/4
  1328 | D:2      | Found a glowing golden altar of the Shining One.
  1935 | D:3      | Found a sparkling altar of Nemelex Xobeh.
  2221 | D:3      | Reached XP level 5. HP: 36/36 MP: 5/5
  2227 | D:3      | Reached skill level 3 in Long Blades
  2623 | D:4      | Reached skill level 3 in Stealth
  2657 | D:4      | HP: 2/37 [orc/+0 mace (9)]
  2974 | D:4      | Reached skill level 4 in Shields
  2974 | D:4      | Reached XP level 6. HP: 37/43 MP: 6/6
  3242 | D:4      | Reached skill level 4 in Fighting
  3242 | D:4      | Reached skill level 4 in Dodging
  3795 | D:5      | Entered Level 5 of the Dungeon
  3795 | D:5      | Noticed Pikel
  3795 | D:5      | Noticed a slave
  3795 | D:5      | Noticed a slave
  3795 | D:5      | Noticed a slave
  3795 | D:5      | Noticed a slave
  3795 | D:5      | Noticed a hungry ghost
  3968 | D:5      | Noticed a phantom
  4155 | D:5      | Noticed an ice beast
  4317 | D:5      | Found a blossoming altar of Fedhas.
  4330 | D:5      | Noticed an oklob plant
  4602 | D:5      | Killed a hungry ghost
  4602 | D:5      | Reached skill level 4 in Stealth
  4602 | D:5      | Reached XP level 7. HP: 25/49 MP: 7/7
  4770 | D:5      | Found Retonidgh's Distillery.
  4787 | D:5      | Bought a potion of heal wounds for 65 gold pieces
  4787 | D:5      | Bought 2 potions of lignification for 78 gold pieces
  4787 | D:5      | Bought a potion of lignification for 39 gold pieces
  5014 | D:5      | Reached skill level 4 in Long Blades
  5319 | D:6      | Found a staircase to the Ecumenical Temple.
  5634 | D:6      | Noticed Eustachio
  5643 | D:6      | Reached skill level 5 in Stealth
  5654 | D:6      | Killed Eustachio
  5654 | D:6      | Reached skill level 5 in Shields
  5654 | D:6      | Reached XP level 8. HP: 52/54 MP: 8/8
  5702 | D:6      | Found an opulent altar of Gozag.
  5839 | D:6      | Reached skill level 5 in Fighting
  5839 | D:6      | Reached skill level 5 in Dodging
  5873 | Temple   | Entered the Ecumenical Temple
  5982 | Temple   | Became a worshipper of Xom the Psychopath
  6031 | D:6      | Noticed a hippogriff
  6145 | D:7      | Reached skill level 6 in Stealth
  6192 | D:7      | XOM: potion effect (invisibility)
  6291 | D:7      | Found a bloodstained altar of Trog.
  6364 | D:7      | Found a stormy altar of Qazlal.
  6366 | D:7      | Noticed a water elemental
  6367 | D:7      | Noticed an air elemental
  6418 | D:7      | Found a burning altar of Makhleb.
  6422 | D:7      | Reached skill level 5 in Long Blades
  6447 | D:7      | XOM: potion effect (curing)
  6458 | D:7      | XOM: harmless Necr miscast
  6515 | D:7      | XOM: divination: detect creatures
  6600 | D:7      | Reached skill level 6 in Shields
  6663 | D:7      | XOM: divination: detect items
  6806 | D:7      | XOM: god gift: 25 gold pieces
  6835 | D:7      | Reached XP level 9. HP: 57/62 MP: 9/9
  6890 | D:7      | XOM: smoke on damage
  6892 | D:7      | Reached skill level 6 in Fighting
  6892 | D:7      | Reached skill level 6 in Dodging
  6916 | D:7      | XOM: harmless Necr miscast
  6950 | D:7      | XOM: fog
  6963 | D:7      | XOM: mild Hex miscast
  7250 | D:7      | XOM: harmless Erth miscast
  7523 | D:7      | Reached skill level 6 in Long Blades
  7622 | D:7      | XOM: harmless Hex miscast
  7699 | D:8      | Found a white marble altar of Elyvilon.
  7755 | D:8      | Found a staircase to the Lair.
  7755 | D:8      | Noticed an elephant
  7772 | D:8      | XOM: chaos cloud
  7800 | D:7      | Killed an elephant
  7984 | D:8      | Reached skill level 7 in Shields
  8009 | D:8      | Reached skill level 7 in Fighting
  8009 | D:8      | Reached skill level 7 in Dodging
  8030 | D:8      | XOM: confusion (+ monsters)
  8043 | D:8      | XOM: blink monster(s)
  8082 | D:8      | Reached XP level 10. HP: 41/71 MP: 10/10
  8105 | D:8      | XOM: potion effect (berserk rage)
  8121 | D:8      | XOM: harmless Pois miscast
  8289 | D:8      | XOM: harmless Pois miscast
  8359 | D:8      | Found a shimmering blue altar of Sif Muna.
  8362 | D:8      | Reached skill level 7 in Long Blades
  8367 | D:8      | Found an ancient bone altar of Kikubaaqudgha.
  8378 | D:8      | Found a radiant altar of Vehumet.
  8452 | D:8      | XOM: cloud trail
  8505 | D:9      | Noticed Erolcha
  8538 | D:9      | XOM: medium Tloc miscast
  8795 | D:9      | XOM: cast spell 'Leda's Liquefaction'
  8964 | D:9      | Noticed a white ugly thing
  8971 | D:9      | XOM: smoke on damage
  8978 | D:9      | XOM: summons 8 friendly demons
  8982 | D:9      | Killed a white ugly thing
  9274 | D:9      | XOM: blink monster(s)
  9546 | D:9      | XOM: medium Tloc miscast
  9580 | D:9      | Reached skill level 8 in Shields
  9640 | D:9      | XOM: cloud trail
  9785 | D:9      | Reached skill level 8 in Fighting
  9785 | D:9      | Reached skill level 8 in Dodging
  9799 | D:9      | HP: 7/72 [something/magic dart (9)]
 10085 | D:9      | XOM: harmless Summ miscast
 10091 | D:9      | XOM: cast spell 'Statue Form'
 10101 | D:9      | Killed Erolcha
 10168 | D:9      | Found a hide-covered altar of Uskayaw.
 10173 | D:9      | XOM: summons 5 hostile demons
 10188 | D:9      | Reached skill level 8 in Long Blades
 10209 | D:9      | XOM: summons 5 hostile demons
 10245 | D:9      | HP: 6/72 [white imp/puff of frost[Xom] (7)]
 10260 | D:8      | HP: 6/72 [wyvern skeleton (14)]
 10542 | D:8      | HP: 7/72 [gnoll/+0 flail (12)]
 10548 | D:8      | HP: 1/108 [gnoll/+0 spear (4)]
 11054 | D:9      | Found an ancient bone altar of Kikubaaqudgha.
 11068 | D:9      | XOM: noise
 11120 | D:9      | XOM: harmless Summ miscast
 11278 | D:10     | Entered Level 10 of the Dungeon
 11387 | D:10     | XOM: divination: magic mapping
 11406 | D:10     | XOM: potion effect (brilliance)
 11409 | D:10     | Reached XP level 11. HP: 71/78 MP: 11/11
 11756 | D:10     | Found a staircase to the Orcish Mines.
 12249 | Orc:1    | Entered Level 1 of the Orcish Mines
 12249 | Orc:1    | Noticed Sonja
 12251 | Orc:1    | Killed Sonja
 12252 | Orc:1    | Noticed a cyclops
 12252 | Orc:1    | XOM: confuse monster(s)
 12253 | Orc:1    | XOM: confuse monster(s)
 12377 | D:11     | XOM: cast spell 'Leda's Liquefaction'
 12388 | D:11     | Slain by a troll

Levels and vault maps discovered:
D:1:      psy_arrival_basics, layout_basic
D:2:      layout_basic, lemuel_crystal_altar
D:3:      layout_loops_ring, lemuel_crystal_altar, first_ration
D:4:      layout_loops_corners, bh_walls_and_bars
D:5:      black_bear_nest_2, layout_cave_pools, tgw_fedhas, serial_shops, shop,
          minmay_misc_feat_doors, uniq_pikel
D:6:      layout_loops_ring, nicolae_gozag_cash_rules_everything_around_me,
          minmay_temple_entry_mist, uniq_eustachio
D:7:      layout_basic, kennysheep_mini_moat, nicolae_qazlal_style_of_elements,
          the_bakery, hex_medium, lemuel_altar_in_water
D:8:      layout_cave_pools, palyth_temple_overflow_mages, elyvilon_altar_1,
          nicolae_overflow_hidden_temple, david_lair_generic,
          minmay_mini_ossuary
D:9:      layout_long_grid, eat_drink_and_be_merry_uskayaw, grunt_ministairs_6,
          tgw_kikubaaqudgha, uniq_erolcha
D:10:     layout_irregular_city, orc_0_dummy, due_unseen_surprise
D:11:     layout_stronghold
Temple:   compressed_dpeg_circular_temple
Orc:1:    layout_caves, basic_altar, minmay_orc_keep, uniq_sonja

Skill      XL: |  1  2  3  4  5  6  7  8  9 10 |
---------------+-------------------------------+-----
Stealth        | 1 2 3 4 5 6 |  6.0
Long Blades    | 3 4 5 6 8 |  8.5
Shields        | 4 5 6 7 8 |  8.9
Fighting       | 4 5 7 8 |  8.8
Dodging        | 4 5 7 8 |  8.8

Action                   |  1- 3 |  4- 6 |  7- 9 | 10-12 || total
-------------------------+-------+-------+-------+-------++-------
Melee: Long sword        |    48 |       |   139 |       ||   187
       Constrict         |    18 |    42 |    56 |    33 ||   149
       Tentacles         |     9 |    40 |    78 |    64 ||   191
       Dagger            |    18 |   181 |    57 |       ||   256
       Short sword       |       |       |    68 |   293 ||   361
Evoke: Wand              |       |       |     2 |       ||     2
  Use: Scroll            |       |     4 |     1 |    10 ||    15
       Potion            |       |     1 |     2 |    15 ||    18
 Stab: Sleeping          |     2 |    13 |     9 |    13 ||    37
       Distracted        |       |     1 |       |       ||     1
       Invisible         |       |       |     4 |     2 ||     6
  Eat: Chunk             |       |    10 |    13 |     9 ||    32
       Ration            |       |     1 |     1 |     2 ||     4
Armor: Skin              |     6 |     9 |     5 |    35 ||    55
Dodge: Dodged            |    30 |   105 |   178 |   180 ||   493
Block: Shield            |    33 |       |       |    67 ||   100
       Buckler           |     2 |    21 |    59 |    50 ||   132
       Rpst.: Long sword |     9 |       |    25 |       ||    34

Table legend:
 A = Non-vault XP
 B = Vault XP
 C = Vault XP percentage of total XP
 D = Non-vault monster count
 E = Vault monster count
 F = Vault count percentage of total count
                 A         B        C        D         E       F
            +---------+---------+-------+---------+---------+-------
      Total |    7411 |    3510 |  32.1 |     226 |      18 |   7.4
            +---------+---------+-------+---------+---------+-------
        D:1 |      70 |       0 |   0.0 |      34 |       0 |   0.0
        D:2 |      75 |       0 |   0.0 |      29 |       0 |   0.0
        D:3 |      94 |       0 |   0.0 |      14 |       0 |   0.0
        D:4 |     171 |       0 |   0.0 |      14 |       0 |   0.0
        D:5 |     619 |       0 |   0.0 |      20 |       0 |   0.0
        D:6 |     337 |     197 |  36.9 |      10 |       1 |   9.1
        D:7 |    1532 |     678 |  30.7 |      37 |       2 |   5.1
        D:8 |    1006 |     729 |  42.0 |      19 |      11 |  36.7
        D:9 |    2478 |    1124 |  31.2 |      27 |       3 |  10.0
       D:10 |     860 |       0 |   0.0 |      15 |       0 |   0.0
       D:11 |     169 |       0 |   0.0 |       7 |       0 |   0.0
      Orc:1 |       0 |     782 | 100.0 |       0 |       1 | 100.0
            +---------+---------+-------+---------+---------+-------
